 Dungeon Sprint DCSS version 0.17.0-24-gcfadda4 (webtiles) character file.

50733 Kidiri the Unseen (level 13, -5/69 HPs)
             Began as a Spriggan Enchanter on Nov 17, 2015.
             Was the Champion of Dithmenos.
             Shot with an arrow by a deep elf master archer (35 damage)
             ... in the Dungeon (Sprint III: "The Ten Rune Challenge").
             The game lasted 00:23:03 (6882 turns).

Kidiri the Unseen (Spriggan Enchanter)              Turns: 6882, Time: 00:23:03

Health: -5/69      AC:  6    Str:  4    XL:     13   Next: 60%
Magic:  25/34      EV: 35    Int: 19    God:    Dithmenos [******]
Gold:   4261       SH:  0    Dex: 19    Spells: 6 memorised, 30 levels left

rFire  . . .     SeeInvis +     f - +2 rapier (elec)
rCold  . . .     Clarity  .     b - +1 robe
rNeg   . . .     SustAt   .     (shield restricted)
rPois  .         Gourm    .     v - +1 hat
rElec  .         Spirit   .     l - +0 cloak
rCorr  .         Warding  .     (gloves unavailable)
rMut   .         NoTele   +     (boots unavailable)
MR     ++...                    (no amulet)
Stlth  ++++++++++               (no ring)
                                (no ring)

@: wreathed by umbra, very quick, very resistant to hostile enchantments,
uncannily stealthy
A: unfitting armour, see invisible, herbivore 3, speed 3, slow metabolism 2
a: Shadow Step, Shadow Form, Renounce Religion
}: 1/10 runes: barnacled


You were in the Dungeon.
You worshipped Dithmenos.
Dithmenos was exalted by your worship.
You were not hungry.

You visited 1 branch You collected 4261 gold pieces.

Inventory:

Hand Weapons
 d - a +0 blowgun
 f - a +2 rapier of electrocution (weapon)
Missiles
 c - 5 needles of paralysis
 e - 4 needles of sleeping
Armour
 b - a +1 robe (worn)
 l - a +0 cloak (worn)
 v - a +1 hat (worn)
Wands
 u - a wand of digging (7)
Scrolls
 j - a scroll of blinking
 n - a scroll of holy word
 o - 4 scrolls of remove curse
 r - a scroll of torment
Potions
 g - 2 potions of haste
 k - 2 potions of might
 m - 2 potions of lignification {unknown}
 q - 2 potions of cure mutation
 t - a potion of flight
Comestibles
 p - 26 royal jellies
 s - 10 fruits


   Skills:
 + Level 8.6 Fighting
 * Level 15.2 Short Blades
 + Level 5.1 Throwing
 + Level 7.9 Armour
 * Level 19.3 Dodging
 * Level 20.7 Stealth
 * Level 16.6 Spellcasting
 + Level 8.0 Conjurations
 + Level 12.4 Hexes
 + Level 8.2 Ice Magic
 + Level 8.7 Earth Magic
 - Level 2.6 Invocations


You had 30 spell levels left.
You knew the following spells:

 Your Spells              Type           Power        Failure   Level  Hunger
a - Corona                Hex            ######.      1%          1    None
b - Ensorcelled Hibernat  Hex/Ice        ######       1%          2    None
c - Confuse               Hex            ######..     1%          3    None
d - Tukima's Dance        Hex            ######..     1%          3    None
e - Dazzling Spray        Conj/Hex       ######..     1%          3    None
f - Stone Arrow           Conj/Erth      #####.       1%          3    None


Dungeon Overview and Level Annotations

Branches:
Dungeon (1/1)

Altars:
Cheibriados
Dithmenos
Elyvilon
Fedhas
Gozag
Kikubaaqudgha
Makhleb
Nemelex Xobeh
Okawaru
Qazlal
Ru
Sif Muna
Trog
Vehumet
Xom
Yredelemnul
Zin
The Shining One
Jiyva
Lugonu

Shops:
D (!=%[?=


Innate Abilities, Weirdness & Mutations

You are tiny and cannot use many weapons and most armour.
You have supernaturally acute eyesight.
You are a herbivore.
You cover ground extremely quickly.
You need consume almost no food.


Message History

The deep elf master archer is moderately wounded.
Your shadow mimicks your spell!
The shadow shard hits the deep elf master archer.
The deep elf master archer shoots an arrow.
The arrow completely misses you.
Casting: Dazzling Spray
Confirm with . or Enter, or press ? or * to list all spells.
Aiming: Dazzling Spray
Press: ? - help, Shift-Dir - straight line, f/p - deep elf master archer
Aim: a deep elf master archer, wielding a longbow, wearing a runed chain mail and wearing a tiny cabochon amulet (heavily wounded, umbra)
The spray of energy hits the deep elf master archer.
The deep elf master archer is heavily wounded.
The deep elf master archer shoots an arrow.
The arrow hits you!!!
Ouch! That really hurt!
You emit a cloud of dark smoke.
The deep elf master archer shoots an arrow.
The arrow hits you!!
Ouch! That really hurt!
You die...

▓▓▓▓▓▓▓▓▓▓▓ ##...##.##.#######
### #.∩[##.....'.#...# [..'
#..))......#.#(§.##≈≈≈≈#
#..))....###.#.§@≈≈≈)...
#))).....###.#.§§##≈≈≈≈#
#.#####...##.').[# .e.' #..#
############ ###
#'###########################
#..§§§+.#.+...+.#.#.#.+...≈≈#
#.#§§§#.#.#...##.#.#.##...≈≈###
'.#§§§#.#.#)..#.#.#.#.#...≈≈≈≈#
#.#§§§#...#)).##.#.#.##...≈≈≈≈#


You could see a deep elf master archer.

Vanquished Creatures
  Rupert (D)
  A kraken (D)
  Gastronok (D)
  Maud (D)
  2 deep elf demonologists (D)
  A deep elf annihilator (D)
  2 dire elephants (D)
  A deep elf death mage (D)
  6 fire dragons (D)
  A deep elf high priest (D)
  2 hydras (D)
  An alligator snapping turtle (D)
  Erica (D)
  A centaur warrior (D)
  An orc high priest (D)
  4 death yaks (D)
  A death drake (D)
  An unseen horror (D)
  2 deep elf summoners (D)
  A spriggan druid (D)
  A lindwurm (D)
  4 deep elf conjurers (D)
  An orc sorcerer (D)
  2 elephants (D)
  2 black mambas (D)
  2 spiny frogs (D)
  A komodo dragon (D)
  A queen bee (D)
  A deep elf priest (D)
  3 wandering mushrooms (D)
  A fire drake (D)
  8 blink frogs (D)
  5 snapping turtles (D)
  3 redbacks (D)
  2 spriggans (D)
  A shadow (D)
  A spatial vortex (D)
  2 orc warriors (D)
  A swamp drake (D)
  2 centaurs (D)
  A necrophage (D)
  An earth elemental (D)
  2 brain worms (D)
  A water elemental (D)
  32 killer bees (D)
  An electric eel (D)
  A jelly (D)
  2 orc wizards (D)
  Crazy Yiuf (D)
  An orc priest (D)
  A necromancer (D)
  A wizard (D)
  3 humans (D)
  A kobold demonologist (D)
  An ooze (D)
  11 orcs (D)
  3 rats (D)
  A fungus (D)
  2 tentacles (D)
143 creatures vanquished.

Vanquished Creatures (others)
  2 draconian scorchers (D)
  3 yaktaurs (D)
  2 fire drakes (D)
  11 plants (D)
  20 tentacles (D)
  165 tentacle segments (D)
203 creatures vanquished.

Grand Total: 346 creatures vanquished

Notes
Turn   | Place    | Note
--------------------------------------------------------------
     0 | D        | Kidiri the Spriggan Enchanter began the quest for the Orb.
     0 | D        | Reached XP level 1. HP: 9/9 MP: 5/5
    11 | D        | Reached skill level 5 in Stealth
    41 | D        | Noticed Crazy Yiuf
    44 | D        | Killed Crazy Yiuf
    44 | D        | Reached skill level 1 in Fighting
    44 | D        | Reached skill level 6 in Stealth
    44 | D        | Reached XP level 2. HP: 12/14 MP: 6/8
    44 | D        | Reached XP level 3. HP: 15/18 MP: 6/9
    64 | D        | Learned a level 2 spell: Ensorcelled Hibernation
    68 | D        | Learned a level 3 spell: Confuse
    72 | D        | Learned a level 3 spell: Dazzling Spray
   104 | D        | Reached skill level 1 in Armour
   104 | D        | Reached skill level 5 in Dodging
   120 | D        | Killed a fire drake
   177 | D        | Killed a yaktaur
   215 | D        | Gained mutation: You occasionally shout uncontrollably at your foes. [potion of mutation]
   216 | D        | Lost mutation: You occasionally shout uncontrollably at your foes. [potion of cure mutation]
   217 | D        | Gained mutation: You tend to lose your temper in combat. [potion of mutation]
   217 | D        | Gained mutation: You often lose your temper in combat. [potion of mutation]
   218 | D        | Lost mutation: You often lose your temper in combat. [potion of cure mutation]
   218 | D        | Lost mutation: You tend to lose your temper in combat. [potion of cure mutation]
   226 | D        | Noticed a water elemental
   226 | D        | Killed a white draconian scorcher
   243 | D        | Killed a water elemental
   243 | D        | Reached skill level 7 in Stealth
   243 | D        | Reached skill level 5 in Spellcasting
   243 | D        | Reached skill level 1 in Conjurations
   243 | D        | Reached skill level 1 in Ice Magic
   243 | D        | Reached XP level 4. HP: 6/23 MP: 0/12
   266 | D        | Killed a white draconian scorcher
   387 | D        | Killed a fire drake
   503 | D        | Learned a level 3 spell: Tukima's Dance
   522 | D        | Noticed a jelly
   523 | D        | Noticed a shadow
   525 | D        | Killed a shadow
   525 | D        | Reached skill level 5 in Short Blades
   525 | D        | Reached skill level 9 in Stealth
   525 | D        | Reached skill level 5 in Hexes
   525 | D        | Reached XP level 5. HP: 27/27 MP: 12/14
   525 | D        | Reached XP level 6. HP: 32/32 MP: 13/16
   529 | D        | Killed a jelly
   548 | D        | Found a stormy altar of Qazlal.
   549 | D        | Found a sacrificial altar of Ru.
   549 | D        | Found a burning altar of Makhleb.
   549 | D        | Found a viscous altar of Jiyva.
   549 | D        | Found a shimmering altar of Xom.
   549 | D        | Found a shadowy altar of Dithmenos.
   549 | D        | Found a sparkling altar of Nemelex Xobeh.
   549 | D        | Found a corrupted altar of Lugonu.
   549 | D        | Found an opulent altar of Gozag.
   549 | D        | Noticed a spatial vortex
   553 | D        | Became a worshipper of Dithmenos the Shadowed
   580 | D        | Killed a spatial vortex
   580 | D        | Reached skill level 10 in Stealth
   580 | D        | Reached skill level 1 in Invocations
   711 | D        | Found a radiant altar of Vehumet.
   712 | D        | Found a deep blue altar of Sif Muna.
   712 | D        | Found an ancient bone altar of Kikubaaqudgha.
   712 | D        | Noticed a wizard
   713 | D        | Killed a wizard
   726 | D        | Learned a level 3 spell: Stone Arrow
   736 | D        | Found a glowing silver altar of Zin.
   737 | D        | Found a glowing golden altar of the Shining One.
   737 | D        | Found a white marble altar of Elyvilon.
   737 | D        | Noticed a deep elf priest
   739 | D        | Killed a deep elf priest
   739 | D        | Reached * piety under Dithmenos
   739 | D        | Reached skill level 11 in Stealth
   739 | D        | Reached skill level 1 in Earth Magic
   739 | D        | Reached XP level 7. HP: 36/36 MP: 19/19
   750 | D        | Found an iron altar of Okawaru.
   751 | D        | Found a bloodstained altar of Trog.
   751 | D        | Noticed a human
   751 | D        | Noticed a human
   753 | D        | Killed a human
   754 | D        | Killed a human
   754 | D        | Reached skill level 10 in Dodging
   814 | D        | Found a snail-covered altar of Cheibriados.
   814 | D        | Noticed a necrophage
   815 | D        | Noticed a necromancer
   822 | D        | Killed a necromancer
   822 | D        | Reached ** piety under Dithmenos
   833 | D        | Killed a necrophage
   833 | D        | Reached XP level 8. HP: 36/42 MP: 2/21
   834 | D        | Found a basalt altar of Yredelemnul.
   834 | D        | Found a blossoming altar of Fedhas.
   991 | D        | Noticed Erica
   993 | D        | Killed Erica
   993 | D        | Reached skill level 12 in Stealth
  1003 | D        | Noticed an earth elemental
  1006 | D        | Killed an earth elemental
  1011 | D        | Noticed a centaur
  1011 | D        | Noticed a centaur warrior
  1011 | D        | Noticed a centaur
  1013 | D        | Killed a centaur
  1015 | D        | Killed a centaur warrior
  1015 | D        | Reached *** piety under Dithmenos
  1015 | D        | Reached skill level 13 in Stealth
  1015 | D        | Reached skill level 10 in Spellcasting
  1015 | D        | Reached XP level 9. HP: 46/46 MP: 22/24
  1016 | D        | Killed a centaur
  1036 | D        | Noticed an unseen horror
  1038 | D        | Killed an unseen horror
  1038 | D        | Reached skill level 5 in Fighting
  1048 | D        | Noticed a killer bee
  1048 | D        | Noticed a killer bee
  1048 | D        | Noticed a killer bee
  1048 | D        | Noticed a killer bee
  1048 | D        | Noticed a killer bee
  1048 | D        | Noticed a killer bee
  1048 | D        | Noticed a killer bee
  1048 | D        | Noticed a killer bee
  1048 | D        | Noticed a killer bee
  1048 | D        | Noticed a killer bee
  1048 | D        | Noticed a killer bee
  1048 | D        | Noticed a killer bee
  1048 | D        | Noticed a killer bee
  1048 | D        | Noticed a killer bee
  1048 | D        | Noticed a killer bee
  1049 | D        | Noticed a killer bee
  1049 | D        | Noticed a killer bee
  1049 | D        | Noticed a killer bee
  1049 | D        | Noticed a killer bee
  1049 | D        | Noticed a killer bee
  1049 | D        | Noticed a killer bee
  1049 | D        | Noticed a killer bee
  1049 | D        | Noticed a killer bee
  1049 | D        | Noticed a killer bee
  1049 | D        | Noticed a killer bee
  1049 | D        | Noticed a queen bee
  1049 | D        | Noticed a killer bee
  1049 | D        | Noticed a killer bee
  1049 | D        | Noticed a killer bee
  1049 | D        | Noticed a killer bee
  1049 | D        | Noticed a killer bee
  1049 | D        | Noticed a killer bee
  1049 | D        | Noticed a killer bee
  1050 | D        | Killed a killer bee
  1053 | D        | Killed a killer bee
  1055 | D        | Killed a killer bee
  1055 | D        | Reached **** piety under Dithmenos
  1057 | D        | Killed a killer bee
  1059 | D        | Killed a killer bee
  1061 | D        | Killed a killer bee
  1061 | D        | Reached skill level 14 in Stealth
  1065 | D        | Killed a killer bee
  1067 | D        | Killed a killer bee
  1069 | D        | Killed a killer bee
  1069 | D        | Reached ***** piety under Dithmenos
  1071 | D        | Killed a killer bee
  1073 | D        | Killed a killer bee
  1075 | D        | Killed a killer bee
  1197 | D        | Killed a killer bee
  1199 | D        | Killed a killer bee
  1201 | D        | Killed a killer bee
  1203 | D        | Killed a killer bee
  1205 | D        | Killed a killer bee
  1207 | D        | Killed a killer bee
  1207 | D        | Reached XP level 10. HP: 51/51 MP: 15/26
  1209 | D        | Killed a killer bee
  1213 | D        | Killed a killer bee
  1218 | D        | Killed a killer bee
  1218 | D        | Reached skill level 10 in Short Blades
  1220 | D        | Killed a killer bee
  1233 | D        | Killed a killer bee
  1233 | D        | Reached ****** piety under Dithmenos
  1242 | D        | Killed a killer bee
  1264 | D        | Killed a killer bee
  1401 | D        | Killed a killer bee
  1403 | D        | Killed a killer bee
  1405 | D        | Killed a killer bee
  1407 | D        | Killed a killer bee
  1409 | D        | Killed a killer bee
  1411 | D        | Killed a killer bee
  1413 | D        | Killed a queen bee
  1415 | D        | Killed a killer bee
  1546 | D        | Noticed a wandering mushroom
  1547 | D        | Noticed a wandering mushroom
  1547 | D        | Noticed a wandering mushroom
  1559 | D        | Killed a wandering mushroom
  1559 | D        | Reached skill level 5 in Armour
  1650 | D        | Killed a wandering mushroom
  1650 | D        | Reached skill level 5 in Conjurations
  1654 | D        | Killed a wandering mushroom
  1654 | D        | Reached skill level 15 in Stealth
  1654 | D        | Reached skill level 5 in Ice Magic
  1733 | D        | Noticed a spiny frog
  1733 | D        | Noticed a komodo dragon
  1733 | D        | Noticed a spiny frog
  1739 | D        | Killed a spiny frog
  1742 | D        | Killed a spiny frog
  1746 | D        | Killed a komodo dragon
  1809 | D        | Noticed a redback
  1811 | D        | Killed a redback
  1811 | D        | Reached skill level 5 in Earth Magic
  1812 | D        | Noticed a brain worm
  1815 | D        | Killed a brain worm
  1822 | D        | Noticed a brain worm
  1824 | D        | Killed a brain worm
  1830 | D        | Noticed a lindwurm
  1832 | D        | Noticed a redback
  1833 | D        | Killed a lindwurm
  1835 | D        | Killed a redback
  1840 | D        | Noticed a redback
  1841 | D        | Killed a redback
  1842 | D        | Noticed Maud
  1844 | D        | Killed Maud
  1844 | D        | Reached skill level 16 in Stealth
  1844 | D        | Reached XP level 11. HP: 56/56 MP: 28/28
  1847 | D        | Noticed an electric eel
  1849 | D        | Noticed a four-headed hydra
  1849 | D        | Noticed a six-headed hydra
  1850 | D        | Killed an electric eel
  1852 | D        | Killed a four-headed hydra
  1853 | D        | Killed a six-headed hydra
  1853 | D        | Reached skill level 15 in Dodging
  2065 | D        | Noticed a death drake
  2067 | D        | Killed a death drake
  2087 | D        | Killed a yaktaur
  2089 | D        | Found a blossoming altar of Fedhas.
  2089 | D        | Noticed a spriggan
  2089 | D        | Noticed a spriggan druid
  2089 | D        | Noticed a spriggan
  2091 | D        | Killed a spriggan
  2091 | D        | Reached skill level 10 in Hexes
  2096 | D        | Killed a spriggan druid
  2098 | D        | Killed a spriggan
  2160 | D        | Noticed a kraken
  2228 | D        | Noticed a snapping turtle
  2277 | D        | Killed a snapping turtle
  2676 | D        | Killed a kraken
  2676 | D        | Reached skill level 17 in Stealth
  2694 | D        | Noticed a snapping turtle
  2815 | D        | Killed a snapping turtle
  2828 | D        | Noticed a snapping turtle
  2828 | D        | Noticed an alligator snapping turtle
  2829 | D        | Noticed a snapping turtle
  2829 | D        | Noticed a snapping turtle
  2829 | D        | Found Unkir's Jewellery Boutique.
  2829 | D        | Found Ypigucwi's Magic Scroll Shop.
  2829 | D        | Found Naulin's Antique Armour Emporium.
  2830 | D        | Killed an alligator snapping turtle
  2832 | D        | Killed a snapping turtle
  2834 | D        | Killed a snapping turtle
  2839 | D        | Killed a snapping turtle
  2852 | D        | Got a barnacled rune of Zot
  2932 | D        | Noticed a swamp drake
  2932 | D        | Noticed a fire drake
  2933 | D        | Killed a fire drake
  2935 | D        | Killed a swamp drake
  2941 | D        | Noticed a blink frog
  2941 | D        | Noticed a blink frog
  2941 | D        | Noticed a blink frog
  2942 | D        | Noticed a blink frog
  2942 | D        | Noticed a blink frog
  2943 | D        | Killed a blink frog
  2944 | D        | Killed a blink frog
  2947 | D        | Killed a blink frog
  2954 | D        | Killed a blink frog
  2954 | D        | Reached XP level 12. HP: 54/62 MP: 19/31
  2958 | D        | Killed a blink frog
  3012 | D        | Noticed Rupert
  3017 | D        | Killed Rupert
  3017 | D        | Reached skill level 18 in Stealth
  3038 | D        | Noticed a death yak
  3039 | D        | Noticed a death yak
  3039 | D        | Noticed a blink frog
  3040 | D        | Noticed an azure jelly
  3040 | D        | Noticed a death yak
  3040 | D        | Noticed an azure jelly
  3040 | D        | Noticed a blink frog
  3040 | D        | Noticed a death yak
  3041 | D        | Killed a death yak
  3042 | D        | Killed a death yak
  3043 | D        | Noticed a blink frog
  3048 | D        | Killed a blink frog
  3349 | D        | Killed a blink frog
  3351 | D        | Noticed a black mamba
  3352 | D        | Killed a blink frog
  3356 | D        | Killed a black mamba
  3361 | D        | Noticed a black mamba
  3375 | D        | Killed a death yak
  3375 | D        | Reached skill level 1 in Throwing
  3382 | D        | Killed a death yak
  3399 | D        | Killed a black mamba
  3399 | D        | Reached skill level 15 in Spellcasting
  3502 | D        | Noticed a fire dragon
  3503 | D        | Noticed a fire dragon
  3504 | D        | Noticed a fire dragon
  3519 | D        | Killed a fire dragon
  3566 | D        | Noticed a fire dragon
  3580 | D        | Killed a fire dragon
  3680 | D        | Noticed a fire dragon
  3681 | D        | Noticed a fire dragon
  3682 | D        | Killed a fire dragon
  3682 | D        | Reached skill level 19 in Stealth
  3686 | D        | Killed a yaktaur
  3690 | D        | Killed a fire dragon
  3745 | D        | Found Usoixaul's Antique Weapon Shoppe.
  3745 | D        | Found Ethres's Distillery.
  3745 | D        | Found Ohacihim's Jewellery Emporium.
  4025 | D        | Killed a fire dragon
  4064 | D        | Killed a fire dragon
  4366 | D        | Noticed an azure jelly
  4366 | D        | Noticed an azure jelly
  4367 | D        | Noticed an elephant
  4367 | D        | Noticed an elephant
  4367 | D        | Noticed a dire elephant
  4367 | D        | Noticed a dire elephant
  4367 | D        | Noticed Gastronok
  4386 | D        | Killed a dire elephant
  4643 | D        | HP: 2/64 [dire elephant (28)]
  4965 | D        | Killed an elephant
  4965 | D        | Reached XP level 13. HP: 68/68 MP: 30/33
  4995 | D        | Killed a dire elephant
  5002 | D        | Killed an elephant
  5194 | D        | Killed Gastronok
  5316 | D        | Found Biaqurgh's Food Boutique.
  5317 | D        | Noticed an orc warrior
  5317 | D        | Noticed an orc high priest
  5317 | D        | Noticed an orc warrior
  5317 | D        | Noticed an orc sorcerer
  5317 | D        | Noticed an orc wizard
  5317 | D        | Noticed an orc wizard
  5317 | D        | Noticed an orc priest
  5321 | D        | Killed an orc wizard
  5326 | D        | Killed an orc high priest
  5330 | D        | Killed an orc sorcerer
  5334 | D        | Killed an orc wizard
  5335 | D        | Killed an orc warrior
  5335 | D        | Killed an orc priest
  5342 | D        | Killed an orc warrior
  5700 | D        | Noticed a deep elf summoner
  5700 | D        | Noticed a deep elf conjurer
  5700 | D        | Noticed a deep elf summoner
  5700 | D        | Noticed a deep elf conjurer
  5700 | D        | Noticed a deep elf conjurer
  5707 | D        | Noticed a deep elf conjurer
  5709 | D        | Killed a deep elf conjurer
  5709 | D        | Reached skill level 20 in Stealth
  5715 | D        | Noticed a deep elf demonologist
  5717 | D        | Killed a deep elf summoner
  5725 | D        | Killed a deep elf summoner
  5732 | D        | Killed a deep elf conjurer
  5743 | D        | Killed a deep elf conjurer
  6033 | D        | Noticed a deep elf high priest
  6098 | D        | Noticed a deep elf annihilator
  6101 | D        | Noticed a deep elf death mage
  6102 | D        | Killed a deep elf conjurer
  6107 | D        | Killed a deep elf annihilator
  6250 | D        | Noticed a deep elf demonologist
  6251 | D        | Noticed a deep elf master archer
  6258 | D        | Killed a deep elf demonologist
  6258 | D        | Reached skill level 15 in Short Blades
  6261 | D        | Killed a deep elf death mage
  6442 | D        | Killed a deep elf demonologist
  6442 | D        | Reached skill level 5 in Throwing
  6527 | D        | Killed a deep elf high priest
  6882 | D        | Shot with an arrow by a deep elf master archer

Action                   |  1- 3 |  4- 6 |  7- 9 | 10-12 | 13-15 || total
-------------------------+-------+-------+-------+-------+-------++-------
Melee: Dagger            |    12 |    14 |    39 |   167 |    32 ||   264
 Cast: Dazzling Spray    |     2 |     4 |     5 |    69 |    74 ||   154
       Ensorcelled Hiber |     1 |       |    19 |    70 |     5 ||    95
       Confuse           |       |       |     1 |       |       ||     1
       Corona            |       |       |       |     2 |       ||     2
Invok: Shadow Step       |       |       |       |    10 |     1 ||    11
  Use: Potion            |     5 |     1 |       |     2 |     4 ||    12
       Scroll            |     4 |       |       |       |       ||     4
 Stab: Sleeping          |     6 |     5 |    26 |    53 |     2 ||    92
       Invisible         |       |       |     1 |    12 |     3 ||    16
       Distracted        |       |       |       |       |     1 ||     1
  Eat: Bread ration      |       |       |       |     1 |       ||     1
